 Dungeon Crawl Stone Soup version 0.31-a0-557-g6e16503903 (webtiles) character file.

Game seed: 3496098586507024787

11707 IdlyInterested the Slicer (level 11, -12/91 HPs)
             Began as a Demonspawn Fighter on Aug 15, 2023.
             Mangled by a spatial vortex (21 damage)
             ... summoned by a spatial maelstrom
             ... on level 2 of the Abyss on Aug 16, 2023.
             The game lasted 00:40:39 (10998 turns).

IdlyInterested the Slicer (Demonspawn Fighter)     Turns: 10998, Time: 00:40:41

Health: -12/91     AC:  8    Str: 17    XL:     11   Next: 52%
Magic:  15/15      EV: 20    Int: 11    God:
Gold:   605        SH: 10    Dex: 15    Spells: 16/16 levels left

rFire   + . .        g - +2 dagger (venom)
rCold   . . .        c - +0 buckler
rNeg    . . .        P - +2 leather armour "Gutsoaqa" {rF+}
rPois   +            (helmet restricted)
rElec   .            R - +0 cloak
rCorr   .            h - +0 pair of gloves
SInv    .            y - +0 pair of boots
Will    .....        w - amulet of reflection
Stlth   +++          i - +5 ring of evasion
HPRegen 0.35/turn    j - ring of poison resistance
MPRegen 0.14/turn

%: reflection
@: mighty
A: antennae 2, repulsion field 1, powered by pain 1, demonic magic 2
a: no special abilities


You were on level 2 of the Abyss.
You visited 2 branches of the dungeon, and saw 10 of its levels.
You visited the Abyss 1 time.
You also visited: Sewer.

You collected 605 gold pieces.

Inventory:

Hand Weapons
 a - a +0 heavy rapier
 g - a +2 dagger of venom (weapon)
Missiles
 f - 26 poisoned darts
 o - 59 stones (quivered)
 p - 8 boomerangs
 H - 3 curare-tipped darts
 I - 6 javelins
 N - a throwing net
Armour
 c - a +0 buckler (worn)
 h - a +0 pair of gloves (worn)
 t - an orb of wrath
 y - a +0 pair of boots (worn)
 C - a +2 robe of cold resistance
 G - +0 steam dragon scales
 P - the +2 leather armour "Gutsoaqa" (worn) {rF+}
   (You took it off an orc on level 7 of the Dungeon)

   rF+:       It protects you from fire.
 R - a +0 cloak (worn)
Magical Staves
 S - a staff of air
Jewellery
 i - a +5 ring of evasion (left hand)
 j - a ring of poison resistance (right hand)
 k - a ring of flight
 l - an amulet of magic regeneration
 m - a ring of ice
 w - an amulet of reflection (around neck)
Wands
 d - a wand of polymorph (9)
 q - a wand of flame (21)
 L - a wand of charming (20)
Scrolls
 e - a scroll of acquirement {unknown}
 n - 2 scrolls of enchant armour
 r - 3 scrolls of blinking
 s - 2 scrolls of immolation
 x - a scroll of enchant weapon {unknown}
 E - a scroll of torment {unknown}
 J - 3 scrolls of vulnerability
 O - a scroll of fog {unknown}
 Q - a scroll of butterflies {unknown}
Potions
 u - a potion of brilliance
 z - a potion of attraction {unknown}
 A - a potion of resistance
 B - a potion of degeneration {unknown}
 F - 4 potions of curing
 K - a potion of magic {unknown}
 M - a potion of enlightenment {unknown}


   Skills:
 + Level 10.3 Fighting
 * Level 11.5 Short Blades
 - Level 1.0 Throwing
 - Level 3.0 Armour
 - Level 5.0 Dodging
 - Level 5.0 Stealth
 - Level 3.0 Shields
 - Level 3.0 Spellcasting
 + Level 3.8 Evocations
 - Level 1.0 Shapeshifting


You had 16 spell levels left.
You didn't know any spells.
Your spell library contained the following spells:

 Spells                   Type           Power      Damage    Failure   Level
 Shock                    Conj/Air       4%         1d3       38%         1
 Sting                    Tmut/Pois      4%         1d3       38%         1
 Poisonous Vapours        Pois/Air       2%         N/A       52%         2
 Swiftness                Air            1%         N/A       77%         3
 Tukima's Dance           Hex            1%         N/A       77%         3
 Airstrike                Air            0%         2d(1-17)  99%         4
 Olgreb's Toxic Radiance  Pois           1%         N/A       99%         4
 Passage of Golubria      Tloc           1%         N/A       99%         4
 Yara's Violent Unravell  Hex/Tmut       0%         3d3       100%        5


Dungeon Overview and Level Annotations

Branches:
Dungeon (9/15)             Temple (1/1) D:7           Sewer (visited)
   Lair: D:8-11         Orc: D:9-12

Altars:
Ashenzari
Cheibriados
Fedhas
Hepliaklqana
Kikubaaqudgha
Makhleb
Nemelex Xobeh
Okawaru
Qazlal
Ru
Sif Muna
Uskayaw
Vehumet
Wu Jian
Xom
Yredelemnul

Shops:
D:6 (=   D:8 [

Annotations:
D:8 1 runed translucent door


Innate Abilities, Weirdness & Mutations

You have a pair of antennae on your head.
You are surrounded by a mild repulsion field. (EV +2)
You sometimes gain a little power by taking damage.
Spells you cast may paralyse nearby enemies.


Message History

The soul eater draws from the surrounding life force!
* * * LOW HITPOINT WARNING * * *
You are suddenly pulled into a different region of the Abyss!
You sense a monster nearby.
A neqoxec comes into view.
The neqoxec shouts!
The white imp shouts!
The neqoxec misses you.
You puncture the neqoxec!
The neqoxec is heavily wounded.
You hit the neqoxec.
The neqoxec is heavily wounded.
The neqoxec hits you but does no damage.
You hit the neqoxec.
The neqoxec is severely wounded.
You puncture the neqoxec!
The neqoxec is almost dead.
The neqoxec hits you.
You puncture the neqoxec!
You kill the neqoxec!
Your life force feels restored.
You hit the white imp.
The white imp is heavily wounded.
The white imp closely misses you.
You completely miss the white imp.
The white imp is heavily wounded.
The white imp gestures at you.
You block puff of frost... and reflect it back!
The puff of frost hits the white imp.
The white imp resists.
A spatial vortex comes into view.
The white imp attacks as you move away! You block the white imp's attack.
You block the spatial maelstrom's attack.
The spatial maelstrom barely misses you.
The spatial vortex misses you. The spatial vortex barely misses you.
The white imp gestures at you.
You block puff of frost... and reflect it back!
The puff of frost misses the white imp.
The spatial vortex hits you!!
* * * LOW HITPOINT WARNING * * *
Space warps horribly around you!!
You die...

# #.. .#..
#...# ....
#...#
########..
#.#.##.........
.#.5.@.### #
#..v.v.#.#. .#
##..###.......
#.........##..
. #..#.#. .#..#
. ##.##.
###.#..#
###..........#
##.####... .#
##. .. #


You could see a spatial maelstrom, a spatial vortex and a white imp.

Vanquished Creatures
  A centaur warrior (D:9)
  Pikel (D:7)
  Jeremiah (D:7)
  An ugly thing (D:9)
  A manticore (D:9)
  A cyclops (D:9)
  A gargoyle (D:9)
  Joseph (D:7)
  A hornet (D:7)
  A ynoxinul (Abyss:2)
  A wraith (D:9)
  20 yaks
  4 wyverns
  3 steam dragons
  A neqoxec (Abyss:2)
  A vampire mosquito (D:8)
  A naga (shapeshifter) (D:9)
  2 black bears (D:6)
  2 orc warriors
  2 ice beasts
  3 sky beasts
  4 centaurs
  A lemure (D:7)
  2 phantoms
  2 kobold brigands
  5 bullfrogs
  3 gnoll sergeants
  6 scorpions
  4 wights (D:9)
  3 killer bees (D:9)
  2 howler monkeys
  An electric eel (D:6)
  A jelly (D:4)
  The ghost of dxb338 the Changeling, a weakling FeSh (D:4)
  An orc priest (D:5)
  4 hounds
  4 iguanas
  4 gnoll boudas
  7 orc wizards
  12 adders
  25 gnolls
  2 white imps
  3 worms
  3 dart slugs
  24 orcs
  5 bats
  15 endoplasms
  12 giant cockroaches
  7 goblins
  3 hobgoblins
  4 jackals (D:2)
  8 quokkas
  16 ball pythons
  6 frilled lizards
  15 kobolds
  5 rats
  3 butterflies (D:8)
273 creatures vanquished.

Notes
Turn   | Place    | Note
-------+----------+-------------------------------------------
     0 | D:1      | IdlyInterested the Demonspawn Fighter began the quest for
                  | the Orb.
     0 | D:1      | Reached XP level 1. HP: 18/18 MP: 1/1
    49 | D:1      | Reached skill level 2 in Short Blades
   328 | D:1      | Gained mutation: Spells you cast may paralyse adjacent
                  | enemies. [demonic ancestry]
   328 | D:1      | Reached XP level 2. HP: 22/24 MP: 2/2
  1215 | D:2      | Reached skill level 1 in Spellcasting
  1280 | D:2      | Gained mutation: You sometimes gain a little power by
                  | taking damage. [demonic ancestry]
  1280 | D:2      | Reached XP level 3. HP: 25/29 MP: 4/4
  1822 | D:3      | Reached skill level 1 in Stealth
  2005 | D:3      | Found an ancient bone altar of Kikubaaqudgha.
  2723 | D:4      | Found a glowing drain.
  2742 | Sewer    | Entered a sewer
  2830 | Sewer    | Reached XP level 4. HP: 34/37 MP: 5/5
  2929 | Sewer    | Reached skill level 1 in Evocations
  2929 | Sewer    | Reached skill level 1 in Shapeshifting
  3008 | Sewer    | Reached skill level 1 in Dodging
  3057 | Sewer    | Noticed a bullfrog
  3069 | Sewer    | Noticed a bullfrog
  3072 | Sewer    | Killed a bullfrog
  3073 | Sewer    | Reached skill level 1 in Throwing
  3073 | Sewer    | Gained mutation: You are surrounded by a mild repulsion
                  | field. (EV +2) [demonic ancestry]
  3073 | Sewer    | Reached XP level 5. HP: 43/43 MP: 6/6
  3158 | D:4      | Gained mutation: Spells you cast may paralyse nearby
                  | enemies. [demonic ancestry]
  3158 | D:4      | Reached XP level 6. HP: 50/50 MP: 7/7
  3187 | D:4      | Found a runed translucent gate.
  3188 | D:4      | Found a runed translucent gate.
  3188 | D:4      | Noticed dxb338's ghost (weakling FeSh)
  3189 | D:4      | Found a runed translucent gate.
  3190 | D:4      | Noticed an orc warrior
  3215 | D:4      | Reached skill level 5 in Fighting
  3388 | D:4      | Reached skill level 3 in Short Blades
  4104 | D:4      | Killed an orc warrior
  4105 | D:4      | Reached XP level 7. HP: 26/56 MP: 8/8
  4114 | D:4      | Killed dxb338's ghost
  4280 | D:5      | Entered Level 5 of the Dungeon
  4681 | D:5      | Reached skill level 4 in Short Blades
  5532 | D:5      | Reached XP level 8. HP: 61/64 MP: 9/9
  5585 | D:6      | Reached skill level 5 in Short Blades
  5655 | D:6      | Reached skill level 6 in Short Blades
  5665 | D:6      | Reached XP level 9. HP: 37/72 MP: 12/12
  5680 | D:6      | Reached skill level 7 in Short Blades
  6198 | D:6      | Found Otut's Antique Weapon Boutique.
  6359 | D:6      | Found a burning altar of Makhleb.
  6616 | D:6      | Found Wepiw's Jewellery Boutique.
  7069 | D:7      | Reached skill level 8 in Short Blades
  7334 | D:7      | Noticed Joseph
  7362 | D:7      | Killed Joseph
  7393 | D:7      | Upgraded the game from 0.31-a0-544-gceb718ecc6 to
                  | 0.31-a0-557-g6e16503903
  7556 | D:7      | Noticed Pikel
  7574 | D:7      | Killed Pikel
  7575 | D:7      | Gained mutation: You have a pair of small antennae on your
                  | head. [demonic ancestry]
  7575 | D:7      | Reached XP level 10. HP: 71/82 MP: 14/14
  7801 | D:7      | Noticed Jeremiah
  7810 | D:7      | Reached skill level 9 in Short Blades
  7863 | D:7      | Killed Jeremiah
  8495 | D:7      | Identified the +2 leather armour "Gutsoaqa" {rF+}
  8544 | D:7      | Found a staircase to the Ecumenical Temple.
  8553 | Temple   | Entered the Ecumenical Temple
  9009 | D:8      | Found a runed translucent door.
  9010 | D:8      | Found a runed translucent door.
  9144 | D:8      | Found an iron altar of Okawaru.
  9360 | D:8      | Found Heulay's Armour Shop.
  9729 | D:8      | Reached skill level 10 in Short Blades
  9772 | D:8      | Reached skill level 5 in Stealth
 10240 | D:9      | Noticed a centaur warrior
 10258 | D:9      | Killed a centaur warrior
 10259 | D:9      | Gained mutation: You have a pair of antennae on your head.
                  | [demonic ancestry]
 10259 | D:9      | Reached XP level 11. HP: 57/89 MP: 15/15
 10284 | D:9      | Noticed a red ugly thing
 10303 | D:9      | Killed a red ugly thing
 10321 | D:9      | Reached skill level 11 in Short Blades
 10326 | D:9      | Reached skill level 10 in Fighting
 10605 | D:9      | Reached skill level 5 in Dodging
 10656 | D:9      | Found the ring of the Octopus King {Fly HP+2 AC+2 EV+2
                  | SH+2}
 10894 | D:9      | Noticed a wizard
 10903 | Abyss:2  | Cast into level 2 of the Abyss (a wizard)
 10936 | Abyss:2  | Noticed a soul eater
 10994 | Abyss:2  | Noticed a spatial maelstrom
 10998 | Abyss:2  | Mangled by a spatial vortex

Illustrated notes

Levels and vault maps discovered:
D:1:      mainiacjoe_arrival_reflecting_pool, layout_basic
D:2:      layout_basic
D:3:      layout_basic, mainiacjoe_overflow_small_starburst
D:4:      layout_basic, portal_sewer_entry_d, gammafunk_ghost_split,
          minmay_three_crescents
D:5:      layout_basic
D:6:      layout_gridville, elyvilon_altar_4, nicolae_overflow_squiral,
          serial_shops, shop, nicolae_shop_waterfront,
          ebering_dispersal_statue_hall
D:7:      layout_basic, temple_statues, uniq_pikel, uniq_joseph, uniq_jeremiah
D:8:      lemuel_insect_pit, layout_basic, okawaru_trees_1, serial_shops,
          nicolae_diamond_shop
D:9:      minmay_the_grid_plus [minmay_the_grid_box_x,
          minmay_the_grid_pillar_ring, minmay_the_grid_plusring,
          minmay_the_grid_square_x,
          minmay_the_grid_prize_four_corners_diamond_a], layout_cave_pools,
          general_overflow_altar, grunt_dithmenos_smoke_and_mirrors,
          trog_hazing_becter
Temple:   eino_temple_water
Abyss:2:  base: D:4, evilmike_abyss_exit_chaos, evilmike_abyss_exit_15,
          minivault_25

Skill      XL: |  1  2  3  4  5  6  7  8  9 10 11 |
---------------+----------------------------------+-----
Short Blades   | 2 3 4 6 8 10 11 | 11.5
Armour         | 3 |  3.0
Spellcasting   | 1 2 3 |  3.0
Stealth        | 1 2 3 4 5 |  5.0
Evocations     | 1 2 3 |  3.8
Shapeshifting  | 1 |  1.0
Fighting       | 4 5 7 8 9 10 | 10.3
Dodging        | 1 2 3 4 5 |  5.0
Throwing       | 1 |  1.0
Shields        | 3 |  3.0

Action                     |  1- 3 |  4- 6 |  7- 9 | 10-12 || total
---------------------------+-------+-------+-------+-------++-------
  Melee: Rapier            |   132 |       |       |    36 ||   168
         Dagger            |    67 |   209 |   532 |   651 ||  1459
  Throw: Stone             |     4 |       |     5 |     9 ||    18
         Dart              |       |       |     2 |     1 ||     3
         Javelin           |       |       |     3 |     8 ||    11
         Throwing net      |       |       |       |     2 ||     2
         Boomerang         |       |       |       |     1 ||     1
  Evoke: Wand              |       |       |     1 |       ||     1
    Use: Scroll            |     7 |       |     2 |     2 ||    11
         Potion            |       |       |     6 |     9 ||    15
   Stab: Sleeping          |       |       |       |     3 ||     3
         Distracted        |       |       |       |     1 ||     1
 Armour: Scale mail        |    14 |       |       |       ||    14
         Chain mail        |    47 |    54 |   113 |     6 ||   220
         Leather armour    |       |       |       |    44 ||    44
         Robe              |       |       |       |     3 ||     3
  Dodge: Dodged            |   104 |    77 |   273 |   319 ||   773
  Block: Buckler           |    60 |    92 |   261 |   213 ||   626
         Reflection        |     1 |     2 |     1 |     9 ||    13

Table legend: (Time is in decaauts)
 A = Elapsed time spent in this place.
 B = Non-inter-level travel time spent in this place.
 C = Inter-level travel time spent in this place.
 D = Time resting spent in this place.
 E = Time spent auto-exploring this place.
 F = Levels seen in this place.
 G = Mean time per level.
                   A        B        C        D        E       F      G
               +--------+--------+--------+--------+--------+-----+--------+
         Total |  10649 |   9512 |   1137 |   1384 |   5069 |  12 |  887.4 |
       Dungeon |  10149 |   9012 |   1137 |   1361 |   4992 |   9 | 1127.7 |
        Temple |      1 |      1 |      0 |      0 |      0 |   1 |    1.0 |
         Abyss |     82 |     82 |      0 |      0 |     36 |   1 |   82.0 |
         Sewer |    414 |    414 |      0 |     23 |     41 |   1 |  414.0 |
               +--------+--------+--------+--------+--------+-----+--------+

Top non-repeatable levels by time:
     D:7: 1499 daAuts
     D:8: 1495 daAuts
     D:4: 1461 daAuts
     D:5: 1361 daAuts
     D:6: 1301 daAuts
     D:2: 1114 daAuts
     D:1: 762 daAuts
     D:3: 723 daAuts
     D:9: 430 daAuts
   Sewer: 414 daAuts
 Abyss:2: 82 daAuts
  Temple: 1 daAuts
